 Dungeon Sprint DCSS version 0.30-a0-358-g0d69a1922f (webtiles) character file.

Game seed: 2729654005123144586

3627 rocky1 the Spear-Bearer (level 10, -3/130 HPs)
             Began as a Gnoll Cinder Acolyte on Nov 9, 2022.
             Was a Follower of Ignis.
             Slain by an orc warrior
             ... wielding a +0 dire flail
             ... led by an orc knight
              (9 damage)
             ... in the Dungeon (Sprint VII: "The Pits").
             The game lasted 00:06:25 (1563 turns).

rocky1 the Spear-Bearer (Gnoll Cinder Acolyte)      Turns: 1563, Time: 00:06:26

Health: -3/130     AC: 19    Str: 18    XL:     10   Next: 11%
Magic:  21/23      EV: 13    Int: 19    God:    Ignis [*.....]
Gold:   0          SH:  0    Dex:  8    Spells: 25/27 levels left

rFire   + . .      SeeInvis .    v - +2 halberd (venom)
rCold   . . .      Faith    .    (shield currently unavailable)
rNeg    . . .      Spirit   .    n - +3 ring mail
rPois   .          Reflect  .    t - +0 helmet
rElec   .          Harm     .    s - +0 cloak
rCorr   .          Rampage  .    (no gloves)
Will    .....      NoTele   +    (no boots)
Stlth   ..........               (no amulet)
HPRegen 0.41/turn                o - +3 ring of intelligence
MPRegen 0.18/turn                p - +3 ring of intelligence

@: berserking (expiring), fiery-armoured, slowed
A: fangs 1, strong nose, distributed training
a: Renounce Religion, Fiery Armour, Foxfire Swarm, Rising Flame


You were in the Dungeon.
You worshipped Ignis.
Ignis was aware of your devotion.
You visited 1 branch

Inventory:

Hand Weapons
 a - a -1 spear of flaming
 v - a +2 halberd of venom (weapon)
Armour
 n - a +3 ring mail (worn)
 s - a +0 cloak (worn)
 t - a +0 helmet (worn)
 u - a +4 chain mail
Jewellery
 o - a +3 ring of intelligence (left hand)
 p - a +3 ring of intelligence (right hand)
Scrolls
 j - 5 scrolls of amnesia
Potions
 c - 8 potions of curing
 d - 5 potions of heal wounds
 e - a potion of haste
 f - 4 potions of magic
 g - 2 potions of berserk rage
 i - 2 potions of invisibility
 q - 3 potions of brilliance
 r - a potion of resistance


   Skills:
 + Level 11.0 Fighting
 + Level 8.8 Short Blades
 + Level 8.8 Long Blades
 + Level 8.8 Axes
 + Level 8.8 Maces & Flails
 + Level 11.0 Polearms
 + Level 8.8 Staves
 + Level 8.8 Ranged Weapons
 + Level 8.8 Throwing
 + Level 8.8 Armour
 + Level 8.8 Dodging
 + Level 8.8 Stealth
 + Level 8.8 Shields
 + Level 8.8 Unarmed Combat
 + Level 9.3 Spellcasting
 + Level 7.3 Conjurations
 + Level 7.3 Hexes
 + Level 7.3 Summonings
 + Level 7.3 Necromancy
 + Level 7.3 Translocations
 + Level 7.3 Transmutations
 + Level 9.2 Fire Magic
 + Level 7.3 Ice Magic
 + Level 7.3 Air Magic
 + Level 7.3 Earth Magic
 + Level 7.3 Poison Magic
 + Level 9.6 Invocations
 + Level 8.8 Evocations


You had 25 spell levels left.
You knew the following spells:

 Your Spells              Type           Power      Damage    Failure   Level
a - Scorch                Fire           88%        2d9       1%          2

Your spell library contained the following spells:

 Spells                   Type           Power      Damage    Failure   Level


Dungeon Overview and Level Annotations

Branches:
Dungeon (1/1)

Altars:


Innate Abilities, Weirdness & Mutations

You have very sharp teeth.
Your uncanny sense of smell can sniff out nearby items.
Your experience applies equally to all skills.


Message History

Your Summonings skill increases to level 7!
Your Necromancy skill increases to level 7!
Your Translocations skill increases to level 7!
Your Transmutations skill increases to level 7!
Your Fire Magic skill increases to level 9!
Your Ice Magic skill increases to level 7!
Your Air Magic skill increases to level 7!
Your Earth Magic skill increases to level 7!
Your Poison Magic skill increases to level 7!
Unknown command.
Unknown command.
You slash the orc sorcerer!
The orc sorcerer is poisoned.
The orc sorcerer is heavily wounded.
The orc sorcerer hits you with a +0 dagger!
The orc warrior hits you from afar with a +0 halberd!
* * * LOW HITPOINT WARNING * * *
You slice the orc sorcerer!!
You kill the orc sorcerer!
The orange demon disappears in a puff of smoke!
The orc warrior hits you from afar with a +0 halberd!
* * * LOW HITPOINT WARNING * * *
Your Fighting skill increases to level 11!
Your Polearms skill increases to level 11!
You have reached level 10!
You hit the orc warrior.
The orc warrior is poisoned.
The orc warrior is lightly wounded.
The orc warrior barely misses you.
The orc warrior hits you from afar with a +0 halberd!
* * * LOW HITPOINT WARNING * * *
You closely miss the orc warrior.
The orc warrior is lightly wounded.
The orc warrior hits you with a +0 dire flail.
* * * LOW HITPOINT WARNING * * *
The orc warrior hits you from afar with a +0 halberd.
* * * LOW HITPOINT WARNING * * *
Unknown command.
You barely miss the orc warrior. Your bite misses the orc warrior.
The orc warrior is lightly wounded.
The orc warrior hits you with a +0 dire flail!
You die...

##########++####
##########+##...............
#.?(.')))'.##.....÷#..#.....
##########.##o..............
#..........@oT§...÷.........
#'#####'#####o.....#..#.....
#.#..#..#..##...............
#.#..'..'..#####'#####')####
#.##'####+###.......##''####
#.#........##.......##......
#.#........##.......##....##
#.#####'#####...<...##...##
#.#..[.))..##.......##..##


You could see a troll, 2 orc warriors and an orc priest (strong).

Vanquished Creatures
  A boulder beetle (D)
  An orc knight (D)
  An orc sorcerer (D)
  A smoke demon (D)
  A spriggan (D)
  5 yaks (D)
  A floating eye (D)
  2 wolves (D)
  A kobold brigand (D)
  A bullfrog (D)
  A necrophage (D)
  4 wights (D)
  A crimson imp (D)
  A quasit (D)
  2 iguanas (D)
  An orc (D)
  An endoplasm (D)
  2 hobgoblins (D)
  A kobold (D)
  A quokka (D)
  A ball python skeleton (D)
  A ball python zombie (D)
  2 frilled lizards (D)
34 creatures vanquished.

Vanquished Creatures (others)
  A shadow wraith (D)
  56 foxfires (D)
57 creatures vanquished.

Grand Total: 91 creatures vanquished

Notes
Turn   | Place    | Note
-------+----------+-------------------------------------------
     0 | D        | rocky1 the Gnoll Cinder Acolyte began the quest for the
                  | Orb.
     0 | D        | Reached XP level 1. HP: 23/23 MP: 4/4
    79 | D        | Reached skill level 1 in Invocations
    80 | D        | Noticed a floating eye
    82 | D        | Paralysed by a floating eye for 3 turns
    86 | D        | Killed a floating eye
    87 | D        | Reached XP level 2. HP: 31/31 MP: 5/7
    87 | D        | Reached XP level 3. HP: 36/36 MP: 5/8
    87 | D        | Reached XP level 4. HP: 43/43 MP: 6/10
    93 | D        | Noticed a wolf
   102 | D        | Killed a wolf
   103 | D        | Reached XP level 5. HP: 26/49 MP: 8/12
   291 | D        | Reached skill level 5 in Spellcasting
   300 | D        | Reached XP level 6. HP: 36/56 MP: 13/13
   375 | D        | Reached skill level 5 in Invocations
   383 | D        | Reached skill level 5 in Short Blades
   383 | D        | Reached skill level 5 in Long Blades
   383 | D        | Reached skill level 5 in Axes
   383 | D        | Reached skill level 5 in Maces & Flails
   383 | D        | Reached skill level 5 in Staves
   383 | D        | Reached skill level 5 in Ranged Weapons
   383 | D        | Reached skill level 5 in Throwing
   383 | D        | Reached skill level 5 in Armour
   383 | D        | Reached skill level 5 in Dodging
   383 | D        | Reached skill level 5 in Stealth
   383 | D        | Reached skill level 5 in Shields
   383 | D        | Reached skill level 5 in Unarmed Combat
   383 | D        | Reached skill level 5 in Evocations
   531 | D        | Noticed a smoke demon
   540 | D        | Killed a smoke demon
   541 | D        | Reached skill level 5 in Conjurations
   541 | D        | Reached skill level 5 in Hexes
   541 | D        | Reached skill level 5 in Summonings
   541 | D        | Reached skill level 5 in Necromancy
   541 | D        | Reached skill level 5 in Translocations
   541 | D        | Reached skill level 5 in Transmutations
   541 | D        | Reached skill level 5 in Ice Magic
   541 | D        | Reached skill level 5 in Air Magic
   541 | D        | Reached skill level 5 in Earth Magic
   541 | D        | Reached skill level 5 in Poison Magic
   541 | D        | Reached XP level 7. HP: 55/64 MP: 17/17
   681 | D        | Reached XP level 8. HP: 71/71 MP: 18/18
  1008 | D        | Noticed a spriggan
  1008 | D        | Noticed a boulder beetle
  1027 | D        | Killed a spriggan
  1095 | D        | Killed a boulder beetle
  1096 | D        | Reached skill level 10 in Fighting
  1096 | D        | Reached skill level 10 in Polearms
  1096 | D        | Reached XP level 9. HP: 78/78 MP: 19/21
  1127 | D        | Learned a level 2 spell: Scorch
  1517 | D        | Noticed a troll
  1518 | D        | Noticed an orc sorcerer
  1519 | D        | Noticed an orc knight
  1546 | D        | Noticed a smoke demon
  1548 | D        | Noticed an orange demon
  1551 | D        | Killed a shadow wraith
  1555 | D        | Noticed an ice devil
  1558 | D        | Killed an orc knight
  1560 | D        | Killed an orc sorcerer
  1561 | D        | Reached XP level 10. HP: 20/87 MP: 21/23
  1562 | D        | HP: 6/130 [orc warrior/+0 halberd[an orc knight] (4)]
  1563 | D        | Slain by an orc warrior

Illustrated notes

Levels and vault maps discovered:
D:        pitsprint [storerooms_1, entrance_room_1, metal_vault_6, armoury_1,
          mini_pit_1, grid_room_1, main_hall_1, silver_pit, the_coven_3,
          the_vestibule_1, steel_vault_2, golden_pit, hallway_of_sentries,
          crystal_vault_1, iron_vault_5, final_vault]

Skill      XL: |  1  2  3  4  5  6  7  8  9 |
---------------+----------------------------+-----
Invocations    | 3 4 6 8 9 |  9.6
Fighting       | 7 9 10 11 | 11.0
Short Blades   | 3 4 6 7 8 |  8.8
Long Blades    | 3 4 6 7 8 |  8.8
Axes           | 3 4 6 7 8 |  8.8
Maces & Flails | 3 4 6 7 8 |  8.8
Polearms       | 7 9 10 11 | 11.0
Staves         | 3 4 6 7 8 |  8.8
Ranged Weapons | 3 4 6 7 8 |  8.8
Throwing       | 3 4 6 7 8 |  8.8
Armour         | 3 4 6 7 8 |  8.8
Dodging        | 3 4 6 7 8 |  8.8
Stealth        | 3 4 6 7 8 |  8.8
Shields        | 3 4 6 7 8 |  8.8
Unarmed Combat | 3 4 6 7 8 |  8.8
Spellcasting   | 4 5 6 8 9 |  9.3
Conjurations   | 2 3 5 6 7 |  7.3
Hexes          | 2 3 5 6 7 |  7.3
Summonings     | 2 3 5 6 7 |  7.3
Necromancy     | 2 3 5 6 7 |  7.3
Translocations | 2 3 5 6 7 |  7.3
Transmutations | 2 3 5 6 7 |  7.3
Fire Magic     | 6 7 8 9 |  9.2
Ice Magic      | 2 3 5 6 7 |  7.3
Air Magic      | 2 3 5 6 7 |  7.3
Earth Magic    | 2 3 5 6 7 |  7.3
Poison Magic   | 2 3 5 6 7 |  7.3
Evocations     | 3 4 6 7 8 |  8.8

Action                   |  1- 3 |  4- 6 |  7- 9 | 10-12 || total
-------------------------+-------+-------+-------+-------++-------
Melee: Trident           |    10 |    63 |    65 |       ||   138
       Spear             |     3 |       |       |       ||     3
       Bite              |     2 |     5 |    13 |       ||    20
       Halberd           |       |       |    33 |     3 ||    36
 Cast: Scorch            |       |       |     4 |       ||     4
Invok: Fiery Armour      |       |     2 |     3 |       ||     5
       Foxfire Swarm     |       |       |     4 |       ||     4
  Use: Potion            |       |       |     5 |       ||     5
       Scroll            |       |       |     2 |       ||     2
 Stab: Sleeping          |     1 |     4 |       |       ||     5
Armor: Ring mail         |       |    20 |    30 |       ||    50
Dodge: Dodged            |     4 |    33 |    60 |     1 ||    98

Table legend: (Time is in decaauts)
 A = Elapsed time spent in this place.
 B = Non-inter-level travel time spent in this place.
 C = Inter-level travel time spent in this place.
 D = Time resting spent in this place.
 E = Time spent auto-exploring this place.
 F = Levels seen in this place.
 G = Mean time per level.
                   A        B        C        D        E       F      G
               +--------+--------+--------+--------+--------+-----+--------+
         Total |   1548 |   1494 |     54 |   1017 |      0 |   1 | 1548.0 |
       Dungeon |   1548 |   1494 |     54 |   1017 |      0 |   1 | 1548.0 |
               +--------+--------+--------+--------+--------+-----+--------+

Top non-repeatable levels by time:
       D: 1548 daAuts
